cohdb
Replays
Latest Replays
All Replays
Popular Replays
Top Player Replays
Match Explorer
How It Works
Community
CoH3 Stats
Reddit
Sign in to upload your games and track your stats! →
Sign in with Steam
Match 42321863
Unlisted
Match 42321863
Overview
Messages
Build Orders
End
Construct Section Command Post
Dingo Light Scout Car
Dingo Light Scout Car
Selects Heavy Armor Battlegroup
Infantry Section
Infantry Section
Construct Platoon Command Post
Selects Rigorous Vehicle Training
6-pounder Anti-tank Gun Team
Humber Armored Car
Selects Forward Repair Assembly
Light Vehicle Training
Grenade Package
CMP 15cwt Truck
Unlock Bishop Self-propelled Artillery
Bishop Self-propelled Artillery
Selects Light Vehicle Withdraw and Refit
Light Vehicle Withdraw and Refit
Bishop Self-propelled Artillery
Bishop Self-propelled Artillery
Infantry Training
Flightless Bird
Neon-Reactionary
Krötentöten
YoSleepy
Kanade
Mr_20K▼反坦克体操▼
Zerg
simiver
0
0
Comments
sign in to comment!
No comments posted yet!